 Dungeon Crawl Stone Soup version 0.28-a0-1236-gb25a51b929 (webtiles) character file.

Game seed: 12635554613162886246

201 porpoise the Conjurer (level 5, -3/28 HPs)
             Began as a Deep Elf Conjurer on Dec 26, 2021.
             Slain by Pikel (13 damage)
             ... on level 4 of the Dungeon.
             The game lasted 00:10:26 (4210 turns).

porpoise the Conjurer (Deep Elf Conjurer)           Turns: 4210, Time: 00:10:27

Health: -3/28      AC:  3    Str:  4    XL:     5   Next: 50%
Magic:  3/14       EV: 16    Int: 25    God:
Gold:   130        SH:  0    Dex: 13    Spells: 3/14 levels left

rFire   . . .      SeeInvis .   b - +0 hunting sling (vorpal)
rCold   . . .      Faith    .   (no shield)
rNeg    . . .      Spirit   .   e - +0 robe
rPois   .          Reflect  .   (no helmet)
rElec   .          Harm     .   h - +0 cloak
rCorr   .          Rampage  .   (no gloves)
Will    .....                   (no boots)
Stlth   ++........              (no amulet)
HPRegen 0.09/turn               n - +4 ring of evasion
MPRegen 0.14/turn               (no ring)

@: no status effects
A: no striking features
a: no special abilities


You were on level 4 of the Dungeon.
You visited 1 branch of the dungeon, and saw 4 of its levels.

You collected 130 gold pieces.

Inventory:

Hand Weapons
 a - a +2 flail of draining
 b - a +0 vorpal hunting sling (weapon)
Missiles
 d - 10 boomerangs
 g - 133 stones (quivered ammo)
 j - 18 poisoned darts
 k - 7 sling bullets
Armour
 c - a +0 buckler
 e - a +0 robe (worn)
 h - a +0 cloak (worn)
Jewellery
 n - a +4 ring of evasion (left hand)
Scrolls
 m - a scroll of enchant armour {unknown}
 o - a scroll of teleportation
Potions
 f - 2 potions of curing {unknown}
 i - a potion of might {unknown}
 l - a potion of haste {unknown}
 p - a potion of invisibility {unknown}


   Skills:
 - Level 2.4 Dodging
 + Level 3.9 Stealth
 * Level 5.4 Spellcasting
 - Level 5.6 Conjurations
 * Level 1.6 Hexes


You had 3 spell levels left.
You knew the following spells:

 Your Spells              Type           Power      Damage    Failure   Level
a - Magic Dart            Conj           100%       1d8       1%          1
b - Searing Ray           Conj           68%        2d6       1%          2
c - Fulminant Prism       Conj/Hex       12%        3d9       19%         4
d - Iskenderun's Mystic   Conj/Tloc      20%        2d6       26%         4

Your spell library contained the following spells:

 Spells                   Type           Power      Damage    Failure   Level
 Dazzling Flash           Conj/Hex       48%        N/A       5%          3
 Passwall                 Tmut/Erth      5%         N/A       12%         2
 Ozocubu's Armour         Ice            6%         N/A       24%         3
 Swiftness                Air            6%         N/A       24%         3
 Ozocubu's Refrigeration  Ice            3%         4d5       100%        7


Dungeon Overview and Level Annotations

Branches:
Dungeon (4/15)
 Temple: D:4-7

Altars:
Fedhas
Zin

Annotations:
D:4 Pikel


Message History

The lemure is heavily wounded.
The searing ray hits the lemure.
The lemure is lightly wounded. (Press . to maintain the ray.)
The lemure hits you.
The searing ray misses the lemure.
The searing ray misses Pikel.
The lemure hits you.
The searing ray hits the lemure!
The lemure is severely wounded.
The searing ray hits Pikel.
Pikel is lightly wounded.
The lemure barely misses you.
The searing ray misses the lemure.
The searing ray hits Pikel.
Pikel is moderately wounded.
The searing ray hits the lemure!
The lemure is moderately wounded.
You finish channelling your searing ray.
The lemure hits you.
Casting: Searing Ray (safe; 1% risk of failure)
Confirm with . or Enter, or press ? or * to list all spells.
Aiming: Searing Ray (safe; 1% risk of failure)
Press: ? - help, Shift-Dir - straight line, f/p - lemure
Aim: a lemure (severely wounded, 76% to hit)
The searing ray hits the lemure!
You kill the lemure!
That felt strangely unrewarding.
The searing ray hits Pikel but does no damage.
Pikel is moderately wounded.
The searing ray hits the lemure!
The lemure is severely wounded. (Press . to maintain the ray.)
Your magical contamination has completely faded away.
The searing ray hits Pikel!
Pikel is heavily wounded.
The searing ray misses the lemure.
Pikel closely misses you.
The searing ray hits Pikel!
Pikel is severely wounded.
Pikel hits you with a +0 whip of electrocution.
You are electrocuted!
You die...

.<.....#........#.......#
...[......#........#.......#
...........#........#.......#
...........#...######.......#
#.......#'##...###..#####+##.
#.......#....................
#.......#....................
#.......#..5................. .
#.......'..K@...##.....##.... ...
#.....>.#.......##.....##....
....#.......#........'.....#....[
....'...K...#.......##.....#.....
#'#.......#.......##.....#.....
#....(######..............##....
#..... ........###########+#
#..... ##.......# . #..55. ...


You could see Pikel and a lemure.

Vanquished Creatures
  3 lemures (D:4)
  2 hounds
  A centaur skeleton (D:4)
  Terence (D:3)
  An adder (D:3)
  2 worms
  2 dart slugs
  3 orcs (D:3)
  5 ball pythons
  5 bats
  12 endoplasms
  A giant cockroach (D:1)
  8 goblins
  10 hobgoblins
  4 kobolds
  2 quokkas
  2 frilled lizards (D:1)
  8 rats
72 creatures vanquished.

Notes
Turn   | Place    | Note
-------+----------+-------------------------------------------
     0 | D:1      | porpoise the Deep Elf Conjurer began the quest for the Orb.
     0 | D:1      | Reached XP level 1. HP: 10/10 MP: 6/6
   375 | D:1      | Reached XP level 2. HP: 15/15 MP: 4/8
   378 | D:1      | Learned a level 2 spell: Searing Ray
  1428 | D:1      | Reached XP level 3. HP: 19/19 MP: 8/10
  1762 | D:2      | Found a glowing silver altar of Zin.
  2059 | D:2      | Reached skill level 5 in Conjurations
  2330 | D:2      | Found a faded altar of an unknown god.
  2754 | D:3      | Noticed Terence
  2760 | D:3      | Killed Terence
  2761 | D:3      | Reached XP level 4. HP: 24/24 MP: 3/12
  3206 | D:3      | Reached skill level 5 in Spellcasting
  3206 | D:3      | Reached XP level 5. HP: 28/28 MP: 9/14
  3212 | D:3      | Learned a level 4 spell: Fulminant Prism
  3217 | D:3      | Learned a level 4 spell: Iskenderun's Mystic Blast
  3485 | D:4      | Reached skill level 1 in Hexes
  3656 | D:4      | Found a blossoming altar of Fedhas.
  3709 | D:4      | Noticed a lemure
  3709 | D:4      | Noticed a lemure
  3739 | D:4      | Killed a lemure
  3984 | D:4      | Noticed a lemure
  3986 | D:4      | Noticed Pikel
  4014 | D:4      | Killed a lemure
  4189 | D:4      | Noticed a lemure
  4208 | D:4      | Killed a lemure
  4210 | D:4      | Slain by Pikel

Illustrated notes

Levels and vault maps discovered:
D:1:      minmay_arrival_diagonal_passages, layout_loops_corners,
          serial_co_window_serial, co_window_paths_b, co_window_paths_a,
          co_window_paths_a, co_window_paths_b, co_window_paths_a,
          co_window_paths_a, co_window_paths_a, co_window_paths_a,
          co_window_corner_a, co_window_paths_c, co_window_broadway_a,
          co_window_cross_2, co_window_unsneaky_path_d, co_window_2corner,
          co_window_corner_b, co_window_paths_d
D:2:      layout_loops_ring, basic_altar, chequers_ecumenical_altar_simple,
          chequers_hall_statues_y, chequers_avenue
D:3:      layout_rooms, roderic_roman_lattice, uniq_terence
D:4:      minmay_inner_zag, layout_gridville,
          mainiacjoe_overflow_six_doors_small, uniq_eustachio, uniq_pikel,
          uniq_ijyb

Skill      XL: |  1  2  3  4  5 |
---------------+----------------+-----
Stealth        | 3 |  3.9
Conjurations   | 5 |  5.6
Spellcasting   | 4 5 |  5.4
Hexes          | 1 |  1.6
Dodging        | |  2.4

Action                   |  1- 3 |  4- 6 || total
-------------------------+-------+-------++-------
 Fire: Hunting sling     |    25 |    24 ||    49
 Cast: Magic Dart        |    52 |     7 ||    59
       Searing Ray       |    13 |    17 ||    30
  Use: Scroll            |     4 |     1 ||     5
Armor: Robe              |     1 |     4 ||     5
Dodge: Dodged            |     4 |    14 ||    18

Table legend: (Time is in decaauts)
 A = Elapsed time spent in this place.
 B = Non-inter-level travel time spent in this place.
 C = Inter-level travel time spent in this place.
 D = Time resting spent in this place.
 E = Time spent auto-exploring this place.
 F = Levels seen in this place.
 G = Mean time per level.
                   A        B        C        D        E       F      G
               +--------+--------+--------+--------+--------+-----+--------+
         Total |   4221 |   4120 |    101 |   1392 |   2225 |   4 | 1055.2 |
       Dungeon |   4221 |   4120 |    101 |   1392 |   2225 |   4 | 1055.2 |
               +--------+--------+--------+--------+--------+-----+--------+

Top non-repeatable levels by time:
     D:1: 1724 daAuts
     D:2: 897 daAuts
     D:3: 851 daAuts
     D:4: 748 daAuts
